 Dungeon Crawl Stone Soup version 0.17-a0-157-g289cc6a (webtiles) character file.

115 PolkaDot the Poker (level 5, 0/36 HPs)
             Began as an Octopode Fighter on Mar 27, 2015.
             Slain by a goblin (1 damage)
             ... led by Robin
             ... on level 3 of the Dungeon.
             The game lasted 00:03:35 (1523 turns).

PolkaDot the Poker (Octopode Fighter)               Turns: 1523, Time: 00:03:35

Health: 0/36       AC:  1    Str: 20    XL:     5   Next: 0%
Magic:  5/5        EV: 10    Int: 10    God:
Gold:   91         SH:  9    Dex: 11    Spells: 0 memorised, 4 levels left

rFire  . . .     SeeInvis .     a - +0 trident
rCold  . . .     Clarity  .     c - +0 shield
rNeg   . . .     SustAb   .     (helmet restricted)
rPois  .         Gourm    .     (no amulet)
rElec  .         Spirit   .     (no ring)
rCorr  .         Warding  .     (no ring)
rMut   .         Stasis   .     (no ring)
MR     +....                    (no ring)
Stlth  ++........               (no ring)
                                (no ring)
                                (no ring)
                                (no ring)

@: mighty, very slightly contaminated, hasted, very quick, somewhat resistant to
hostile enchantments, unstealthy
A: almost no armour, amphibious, 8 rings, constrict 8, camouflage 1, clumsy 1,
magic resistance 1, gelatinous body 1, placid magic 1
a: no special abilities


You were on level 3 of the Dungeon.
You were not hungry.

You visited 1 branch of the dungeon, and saw 3 of its levels.

You collected 91 gold pieces.

Inventory:

Hand weapons
 a - a +0 trident (weapon)
Missiles
 p - a throwing net (quivered)
Armour
 c - a +0 shield (worn)
Jewellery
 h - a cursed amulet of inaccuracy {unknown}
 x - an uncursed amulet of faith {unknown}
Scrolls
 g - 2 scrolls of identify {unknown}
 i - a scroll of blinking {unknown}
 j - a scroll of enchant weapon {unknown}
 r - a scroll of recharging {unknown}
 t - a scroll of teleportation {unknown}
 u - a scroll of amnesia {unknown}
 v - a scroll of noise {unknown}
 w - a scroll of fog {unknown}
Potions
 l - a potion of magic {unknown}
 n - a potion of agility {unknown}
Comestibles
 d - 2 bread rations
 m - a slice of pizza
 o - a beef jerky
 q - a royal jelly
 s - a chunk of flesh


   Skills:
 - Level 3.0 Fighting
 * Level 4.5 Polearms
 - Level 3.0 Dodging
 + Level 3.6 Shields


You had 4 spell levels left.
You didn't know any spells.

Dungeon Overview and Level Annotations

Branches:
Dungeon (3/15)

Altars:
Okawaru


Innate Abilities, Weirdness & Mutations

You cannot wear most types of armour.
You are amphibious.
You can wear up to eight rings at the same time.
You can use your tentacles to constrict many enemies at once.
Your skin changes colour to match your surroundings (Stealth).
Your rubbery body absorbs attacks (AC +1).
You are clumsy. (Dex -2)
You are resistant to hostile enchantments.
Your spells are a little easier to cast, but a little less powerful.


Message History

You hit the goblin!
You kill the goblin!
The goblin barely misses you.
The goblin shoots a stone.
The stone closely misses you. The goblin hits you with a club!
* * * LOW HITPOINT WARNING * * *
You block the goblin's attack.
You hit the goblin!
You kill the goblin!
You have reached level 5!
You feel agile. The goblin closely misses you.
The goblin shoots a stone.
You block the stone.
You barely miss the goblin. Your grab misses the goblin.
The goblin hits you with a club.
* * * LOW HITPOINT WARNING * * *
Drink which item? (? for menu, Esc to quit)
It was a potion of mutation.
You feel extremely strange.
You feel resistant to hostile enchantments.
Your connection to magic feels subdued.
You feel clumsy. The goblin hits you.
You die...

#########
#.>.....# .
#....?..#.
#.......#.
#......>..
#<..$...#
#.....g.#
#....g.<#
#<...)@g#
####.###..#
#). .## .#
## .


You could see 3 goblins.

Vanquished Creatures
  Ijyb (D:2)
  Jessica (D:2)
  Robin (D:3)
  2 adders (D:2)
  A giant mite (D:1)
  2 worms (D:2)
  A giant gecko (D:1)
  A ball python (D:1)
  6 bats
  9 goblins
  4 hobgoblins
  2 quokkas (D:2)
  A giant cockroach (D:2)
  2 giant newts (D:1)
  3 kobolds
  2 rats (D:1)
39 creatures vanquished.

Notes
Turn   | Place    | Note
--------------------------------------------------------------
     0 | D:1      | PolkaDot, the Octopode Fighter, began the quest for the Orb.
     0 | D:1      | Reached XP level 1. HP: 16/16 MP: 1/1
    68 | D:1      | Reached XP level 2. HP: 21/21 MP: 2/2
   680 | D:2      | Reached XP level 3. HP: 26/26 MP: 3/3
   695 | D:2      | Noticed Jessica
   702 | D:2      | Killed Jessica
   917 | D:2      | Found an iron altar of Okawaru.
   955 | D:2      | Noticed Ijyb
   962 | D:2      | Killed Ijyb
   962 | D:2      | Reached skill level 4 in Polearms
   962 | D:2      | Reached XP level 4. HP: 25/31 MP: 4/4
  1421 | D:3      | Noticed Robin
  1515 | D:3      | Killed Robin
  1521 | D:3      | Reached XP level 5. HP: 6/36 MP: 5/5
  1522 | D:3      | HP: 1/36 [goblin/club[Robin] (5)]
  1523 | D:3      | Gained mutation: You are resistant to hostile enchantments. [potion of mutation]
  1523 | D:3      | Gained mutation: Your spells are a little easier to cast, but a little less powerful. [potion of mutation]
  1523 | D:3      | Gained mutation: You are clumsy. (Dex -2) [potion of mutation]
  1523 | D:3      | Slain by a goblin

Action                   |  1- 3 |  4- 6 || total
-------------------------+-------+-------++-------
Melee: Trident           |    43 |    32 ||    75
  Use: Potion            |       |     5 ||     5
 Stab: Sleeping          |     3 |     2 ||     5
  Eat: Chunk             |       |     2 ||     2
